Map: Pride of Altaris LE

Players

Pumba - Winner!

  • Race: Protoss Protoss
  • League: Diamond
  • Spawn Location: 11:00

Jadek

  • Race: Zerg Zerg
  • League: Diamond
  • Spawn Location: 5:00

VOD

Have the link to the VOD?

Description

Time

  • Played on: March 15, 2022, 9:12 p.m.
  • Length: 8:15
Show
View Real Time Build Order
Export as new Build Order

Pumba Protoss - Winner!

Build Orders: 1 Gate Expand, Zealot Archon, Archon Drop, Dark Templar Rush 

Get SALT Encoding   

  12  0:00  Probe  
  13  0:13  Probe  
  14  0:17  Pylon  
  14  0:25  Probe  
  15  0:37  Probe (Chrono Boost)  
  15  0:39  Gateway  
  16  0:48  Assimilator  
  16  0:49  Probe (Chrono Boost)  
  17  0:54  Probe (Chrono Boost)  
  18  1:03  Probe  
  19  1:15  Probe  
  20  1:27  Nexus  
  20  1:33  Cybernetics Core  
  20  1:35  Probe  
  21  1:44  Assimilator  
  21  1:47  Probe  
  22  1:55  Pylon  
  22  1:59  Probe  
  23  2:07  Pylon  
  23  2:10  Adept (Chrono Boost)  
  23  2:13  Warp Gate, Probe  
  26  2:25  Probe  
  27  2:31  Twilight Council  
  23  2:37  Stalker (Chrono Boost)  
  27  2:40  Probe (Chrono Boost)  
  27  2:42  Probe (Chrono Boost)  
  33  2:53  Probe (Chrono Boost)  
  33  2:54  Probe (Chrono Boost)  
  33  3:01  Probe x2  
  35  3:13  Probe  
  35  3:14  Robotics Facility  
  35  3:16  Probe  
  35  3:18  Gateway  
  37  3:23  Adept (Chrono Boost)  
  37  3:30  Shield Battery  
  37  3:35  Dark Shrine  
  37  3:37  Gateway  
  37  3:41  Gateway  
  37  3:43  Probe x2  
  39  3:55  Probe  
  40  3:57  Probe  
  40  3:58  Warp Prism (Chrono Boost)  
  43  4:07  Probe  
  43  4:09  Probe  
  45  4:10  Assimilator  
  45  4:11  Assimilator  
  45  4:19  Probe, Pylon  
  45  4:21  Probe  
  45  4:22  Pylon  
  47  4:25  Pylon  
  47  4:31  Probe  
  47  4:33  Probe  
  49  4:43  Probe  
  49  4:45  Probe  
  51  4:47  Dark Templar x2  
  51  4:48  Dark Templar x2  
  59  5:20  Probe x2  
  61  5:22  Observer (Chrono Boost)  
  61  5:24  Charge (Chrono Boost)  
  62  5:32  Gateway  
  62  5:33  Archon x2, Gateway  
  62  5:35  Immortal (Chrono Boost)  
  62  5:37  Gateway x2  
  62  5:41  Nexus  
  66  5:50  Pylon  
  66  6:00  Immortal (Chrono Boost)  
  63  6:11  Pylon  
  67  6:12  Pylon  
  67  6:13  Pylon  
  67  6:15  Pylon  
  67  6:16  Pylon  
  67  6:22  Immortal  
  71  6:41  Dark Templar x2  
  71  6:42  Dark Templar x2  
  71  6:43  Zealot x3  
  71  6:44  Zealot  
  71  6:45  Archon  
  71  6:46  Archon  
  87  6:50  Nexus  
  87  7:07  Zealot  
  87  7:08  Pylon  
  89  7:16  Dark Templar x2  
  89  7:17  Dark Templar x2  
  89  7:19  Zealot  
  89  7:20  Zealot x2  
  89  7:21  Archon x2  
  103  7:27  Pylon  
  103  7:31  Pylon  
  103  7:42  Zealot x4  
  107  7:54  Zealot x4  
  111  8:05  Zealot x4  
Show
View Real Time Build Order
Export as new Build Order

Jadek Zerg 

Build Orders: Hatch First 

Get SALT Encoding   

  12  0:00  Drone  
  13  0:12  Overlord  
  13  0:17  Drone  
  14  0:30  Drone  
  14  0:31  Drone  
  16  0:39  Drone  
  17  0:46  Drone  
  18  0:58  Hatchery  
  18  1:01  Drone  
  18  1:06  Extractor  
  17  1:15  Spawning Pool  
  17  1:17  Drone  
  17  1:20  Drone  
  18  1:29  Drone  
  19  1:41  Overlord  
  19  1:54  Drone  
  20  2:01  Queen  
  20  2:03  Zergling x2  
  23  2:12  Queen  
  23  2:13  Zergling x2  
  26  2:19  Metabolic Boost  
  26  2:28  Zergling x2  
  26  2:29  Zergling x2  
  28  2:31  Drone  
  29  2:41  Queen  
  29  2:43  Drone x2  
  33  2:48  Queen  
  33  2:50  Overlord  
  35  2:54  Drone  
  36  2:58  Spore Crawler  
  34  3:08  Drone  
  34  3:10  Drone  
  34  3:11  Drone  
  37  3:16  Drone x2  
  39  3:21  Hatchery  
  37  3:28  Drone  
  37  3:30  Drone  
  39  3:34  Queen  
  39  3:38  Drone x2  
  39  3:39  Overlord  
  43  3:47  Roach Warren  
  43  3:48  Drone  
  43  3:53  Extractor  
  42  3:56  Overlord  
  42  4:00  Drone x2  
  42  4:01  Drone  
  45  4:03  Drone x2  
  47  4:14  Spore Crawler  
  47  4:15  Drone  
  47  4:19  Spore Crawler, Queen  
  47  4:23  Zergling x4  
  47  4:24  Zergling x4  
  52  4:26  Overlord  
  52  4:31  Lair  
  52  4:32  Roach x2  
  56  4:40  Roach x2  
  56  4:41  Drone  
  61  4:51  Drone  
  62  4:53  Roach x2  
  66  5:03  Spore Crawler  
  66  5:05  Roach  
  61  5:07  Queen  
  60  5:21  Queen, Drone x2  
  62  5:27  Overlord  
  64  5:28  Drone x3  
  64  5:29  Glial Reconstitution, Drone x2, Evolution Chamber  
  64  5:30  Evolution Chamber  
  64  5:31  Roach  
  69  5:36  Drone  
  69  5:40  Roach, Spine Crawler  
  69  5:42  Drone  
  72  5:44  Drone, Extractor  
  72  5:46  Drone x3  
  72  5:49  Roach  
  77  5:52  Roach  
  78  6:06  Overlord x3  
  78  6:23  Queen  
  80  6:31  Queen  
  83  6:32  Drone  
  83  6:33  Drone x2  
  83  6:35  Overlord x2  
  83  6:37  Drone x2  
  87  6:50  Drone  
  87  6:51  Extractor  
  87  6:52  Drone x3  
  89  6:54  Overlord x2  
  89  7:05  Roach x2  
  89  7:06  Roach  
  89  7:08  Drone x2, Overlord  
  97  7:09  Overlord  
  95  7:16  Queen  
  99  7:23  Roach x4  
  99  7:24  Roach x2  
  99  7:25  Roach, Ravager  
  99  7:27  Ravager x2  
  114  7:32  Drone  
  114  7:33  Overlord x2  
  114  7:36  Roach x2  
  119  7:37  Overseer  
  119  7:42  Hatchery  
  118  7:50  Overlord  
  118  7:51  Overlord  
  106  7:52  Roach x3  
Tags
 
Add a new tag
Caveats
  • Supply blocks, unpowered buildings, or Contaminate may cause inaccurate times.
  • Supply counts are checked every 10 seconds.